 Dungeon Sprint DCSS version 0.22-a0-81-g7478db5 (webtiles) character file.

1270 Kidiri the Thaumaturge (level 8, -1/48 HPs)
             Began as a Deep Elf Fire Elementalist on Jan 18, 2018.
             Was a Believer of Vehumet.
             Killed from afar by Josephine (29 damage)
             ... with a ghostly fireball
             ... in the Dungeon (Sprint III: "The Ten Rune Challenge").
             The game lasted 00:04:43 (1044 turns).

Kidiri the Thaumaturge (Deep Elf Fire Elementalist) Turns: 1044, Time: 00:04:44

Health: -1/48      AC:  5    Str:  5    XL:     8   Next: 28%
Magic:  3/27       EV: 15    Int: 23    God:    Vehumet [**....]
Gold:   30         SH:  0    Dex: 17    Spells: 14/34 levels left

rFire    . . .     SeeInvis .   u - +0 dagger
rCold    . . .     Gourm    .   (no shield)
rNeg     . . .     Faith    .   a - +0 robe
rPois    .         Spirit   .   (no helmet)
rElec    +         Reflect  .   l - +2 cloak
rCorr    .         Harm     .   (no gloves)
MR       .....     NoTele   +   (no boots)
Stlth    ++........             (no amulet)
HPRegen  0.16/turn              (no ring)
MPRegen  0.20/turn              (no ring)

@: very slightly contaminated, heavily drained
A: agile 1, screaming 1, electricity resistance
a: Renounce Religion


You were in the Dungeon.
You worshipped Vehumet.
Vehumet was pleased with you.
You were not hungry.

You visited 1 branch You collected 30 gold pieces.

Inventory:

Hand Weapons
 u - a +0 dagger (weapon)
Armour
 a - a +0 robe (worn)
 l - a +2 cloak (worn)
Scrolls
 i - a scroll of blinking
 j - a scroll of magic mapping {unknown}
 n - a scroll of immolation {unknown}
 o - a scroll of fog {unknown}
 p - a scroll of remove curse
 r - a scroll of holy word {unknown}
 s - a scroll of identify {unknown}
Potions
 d - a potion of curing
 f - a potion of haste
 g - 2 potions of magic
 h - a potion of berserk rage
 k - a potion of might
 q - 2 potions of flight {unknown}
 t - 2 potions of brilliance {unknown}
Comestibles
 c - 3 rations


   Skills:
 + Level 4.1(2.2) Fighting
 + Level 5.0(3.1) Short Blades
 + Level 4.1(2.2) Armour
 + Level 6.7(4.6) Dodging
 - Level 2.4(0.6) Stealth
 * Level 13.6(11.2) Spellcasting
 + Level 8.2(6.1) Conjurations
 + Level 9.2(7.0) Fire Magic
 + Level 1.0(0.0) Ice Magic


You had 14 spell levels left.
You knew the following spells:

 Your Spells              Type           Power        Failure   Level  Hunger
a - Flame Tongue          Conj/Fire      #####        1%          1    None
b - Throw Flame           Conj/Fire      #####.       1%          2    None
c - Conjure Flame         Conj/Fire      #####...     1%          3    None
d - Inner Flame           Hex/Fire       ####....     3%          3    None
e - Sticky Flame          Conj/Fire      #####...     3%          4    None
f - Fireball              Conj/Fire      #####.....   9%          5    ####...
g - Throw Frost           Conj/Ice       ####..       2%          2    None


Dungeon Overview and Level Annotations

Branches:
Dungeon (1/1)

Altars:
Cheibriados
Dithmenos
Elyvilon
Fedhas
Gozag
Hepliaklqana
Kikubaaqudgha
Makhleb
Nemelex Xobeh
Okawaru
Qazlal
Ru
Sif Muna
Trog
Uskayaw
Vehumet
Wu Jian
Xom
Yredelemnul
Zin
The Shining One
Beogh
Jiyva
Lugonu

Annotations:
D exclusion: door, Josephine


Innate Abilities, Weirdness & Mutations

You are agile. (Dex +2)
You occasionally shout uncontrollably at your foes.
You are resistant to electric shocks. (rElec)


Message History

Unknown command.
Casting: Fireball
Confirm with . or Enter, or press ? or * to list all spells.
Aiming: Fireball
Press: ? - help, Shift-Dir - straight line, f/p - Josephine
Aim: Josephine, wielding a dagger of venom and wearing a runed robe (black smoke, almost dead)
You miscast Fireball.
You are very lightly contaminated with residual magic.
Your skin tingles.
You feel much better.
Josephine gestures at you while chanting.
The ghostly flame explodes!
The ghostly fireball engulfs you!
You feel drained.
Ouch! That really hurt!
* * * LOW HITPOINT WARNING * * *
Unknown command.
You feel much better. Josephine casts a spell at you.
The ghostly flame explodes!
The ghostly fireball engulfs you!
You feel drained.
Ouch! That really hurt!
You die...

##..#___#___#__#
.#..#.).#__.#._#
.#..###+#+###+##
+#..#...)...[..#
#...'.⌠........#
#...#...######'#
....#.⌠.#__#...#+#####
....#...#__#...#.§@§≈+
....#+###__#...#@#§§≈#
....#[):#__#...'.#§§§#
....#___#__+...#.#§..#
▓▓▓▓▓▓▓▓▓▓▓▓▓▓▓▓▓▓▓▓▓▓


You could see Josephine.

Vanquished Creatures
  A deep elf mage (D)
  A shadow (D)
  A spatial vortex (D)
  A necrophage (D)
  A water elemental (D)
  Crazy Yiuf (D)
  A jelly (D)
  A wizard (D)
  A necromancer (D)
  A kobold demonologist (D)
  3 humans (D)
  2 oozes (D)
  2 rats (D)
17 creatures vanquished.

Vanquished Creatures (others)
  2 draconian scorchers (D)
  6 hellions (D)
  2 yaktaurs (D)
10 creatures vanquished.

Grand Total: 27 creatures vanquished

Notes
Turn   | Place    | Note
-------+----------+-------------------------------------------
     0 | D        | Kidiri the Deep Elf Fire Elementalist began the quest for the Orb.
     0 | D        | Reached XP level 1. HP: 10/10 MP: 6/6
    10 | D        | Reached skill level 4 in Spellcasting
    61 | D        | Reached skill level 5 in Spellcasting
    61 | D        | Reached XP level 2. HP: 15/15 MP: 5/10
    63 | D        | Killed a yaktaur
    70 | D        | Learned a level 2 spell: Throw Flame
   116 | D        | Killed a hellion
   117 | D        | Killed a hellion
   119 | D        | Killed a hellion
   141 | D        | Killed a hellion
   141 | D        | Killed a hellion
   142 | D        | Killed a hellion
   149 | D        | Reached skill level 6 in Spellcasting
   149 | D        | Reached XP level 3. HP: 12/19 MP: 3/12
   157 | D        | Learned a level 3 spell: Conjure Flame
   161 | D        | Learned a level 3 spell: Inner Flame
   213 | D        | Killed a white draconian scorcher
   253 | D        | Killed a white draconian scorcher
   264 | D        | Noticed Crazy Yiuf
   270 | D        | Killed Crazy Yiuf
   270 | D        | Reached skill level 7 in Spellcasting
   270 | D        | Reached skill level 5 in Fire Magic
   339 | D        | Gained mutation: Your magical capacity is low. (-10% MP) [potion of mutation]
   339 | D        | Lost mutation: Your magical capacity is low. (-10% MP) [potion of mutation]
   339 | D        | Gained mutation: You are resistant to electric shocks. (rElec) [potion of mutation]
   340 | D        | Lost mutation: You are resistant to electric shocks. (rElec) [potion of mutation]
   340 | D        | Gained mutation: Your body sometimes deteriorates upon taking damage. [potion of mutation]
   340 | D        | Gained mutation: Potions are less effective at restoring your health. [potion of mutation]
   340 | D        | Gained mutation: You have a pair of small horns on your head. [potion of mutation]
   340 | D        | Gained mutation: You are resistant to electric shocks. (rElec) [potion of mutation]
   341 | D        | Lost mutation: You have a pair of small horns on your head. [potion of mutation]
   341 | D        | Lost mutation: Potions are less effective at restoring your health. [potion of mutation]
   341 | D        | Lost mutation: Your body sometimes deteriorates upon taking damage. [potion of mutation]
   341 | D        | Gained mutation: You occasionally shout uncontrollably at your foes. [potion of mutation]
   341 | D        | Gained mutation: You are agile. (Dex +2) [potion of mutation]
   355 | D        | Noticed a water elemental
   356 | D        | Killed a water elemental
   356 | D        | Reached skill level 9 in Spellcasting
   356 | D        | Reached skill level 5 in Conjurations
   356 | D        | Reached XP level 4. HP: 24/24 MP: 11/17
   363 | D        | Learned a level 4 spell: Sticky Flame
   394 | D        | Found a radiant altar of Vehumet.
   395 | D        | Found a deep blue altar of Sif Muna.
   395 | D        | Found an ancient bone altar of Kikubaaqudgha.
   395 | D        | Noticed a wizard
   396 | D        | Killed a wizard
   396 | D        | Reached XP level 5. HP: 28/28 MP: 14/19
   398 | D        | Reached skill level 10 in Spellcasting
   409 | D        | Became a worshipper of Vehumet
   416 | D        | Learned a level 5 spell: Fireball
   459 | D        | Found a glowing silver altar of Zin.
   461 | D        | Found a glowing golden altar of the Shining One.
   461 | D        | Found a white marble altar of Elyvilon.
   464 | D        | Noticed a deep elf mage
   464 | D        | Killed a deep elf mage
   464 | D        | Reached skill level 5 in Dodging
   464 | D        | Reached skill level 12 in Spellcasting
   464 | D        | Reached XP level 6. HP: 37/37 MP: 1/23
   464 | D        | Reached XP level 7. HP: 41/41 MP: 1/24
   470 | D        | Killed a yaktaur
   583 | D        | Found a hide-covered altar of Uskayaw.
   583 | D        | Found a roughly hewn altar of Beogh.
   583 | D        | Found an iron altar of Okawaru.
   583 | D        | Found a bloodstained altar of Trog.
   583 | D        | Found an ornate altar of the Wu Jian Council.
   583 | D        | Noticed a human
   583 | D        | Noticed a human
   588 | D        | Killed a human
   588 | D        | Killed a human
   588 | D        | Reached * piety under Vehumet
   588 | D        | Offered knowledge of Freeze by Vehumet.
   588 | D        | Reached skill level 13 in Spellcasting
   790 | D        | Found a basalt altar of Yredelemnul.
   790 | D        | Found a shadowy altar of Dithmenos.
   790 | D        | Found a sacrificial altar of Ru.
   850 | D        | Noticed a shadow
   850 | D        | Killed a shadow
   850 | D        | Reached ** piety under Vehumet
   850 | D        | Offered knowledge of Throw Frost by Vehumet.
   850 | D        | Reached XP level 8. HP: 48/48 MP: 14/27
   856 | D        | Learned a level 2 spell: Throw Frost
   953 | D        | Found a blossoming altar of Fedhas.
   953 | D        | Found a stormy altar of Qazlal.
   953 | D        | Found a snail-covered altar of Cheibriados.
   953 | D        | Found a burning altar of Makhleb.
   953 | D        | Found a shimmering altar of Xom.
   955 | D        | Found a hazy altar of Hepliaklqana.
   955 | D        | Found an opulent altar of Gozag.
   955 | D        | Found a sparkling altar of Nemelex Xobeh.
   955 | D        | Found a corrupted altar of Lugonu.
   955 | D        | Found a viscous altar of Jiyva.
   971 | D        | Reached skill level 5 in Short Blades
   971 | D        | Reached skill level 1 in Ice Magic
  1036 | D        | Noticed Josephine
  1043 | D        | HP: 2/48 [Josephine/ghostly fireball (26)]
  1044 | D        | Killed from afar by Josephine

Vault maps used:
D:        dungeon_sprint_mu

Skill      XL: |  1  2  3  4  5  6  7  8 |
---------------+-------------------------+-----
Spellcasting   | 5 6 9 12 13 | 13.6
Conjurations   | 2 3 5 7 8 |  8.2
Fire Magic     | 4 6 8 9 |  9.2
Fighting       | 3 4 |  4.1
Short Blades   | 3 4 5 |  5.0
Armour         | 3 4 |  4.1
Dodging        | 5 6 |  6.7
Ice Magic      | 1 |  1.0
Stealth        | |  2.4

Action                   |  1- 3 |  4- 6 |  7- 9 || total
-------------------------+-------+-------+-------++-------
 Cast: Flame Tongue      |    20 |     1 |    21 ||    42
       Throw Flame       |     2 |       |       ||     2
       Conjure Flame     |     1 |     1 |     2 ||     4
       Sticky Flame      |       |     2 |     3 ||     5
       Fireball          |       |     2 |     7 ||     9
       Inner Flame       |       |       |     3 ||     3
  Use: Potion            |     3 |       |     2 ||     5
       Scroll            |     1 |       |       ||     1
  Eat: Ration            |       |       |     1 ||     1
Dodge: Dodged            |     4 |     1 |     3 ||     8

Table legend:
 A = Spawn XP
 B = Non-spawn XP
 C = Spawn XP percentage of total XP
 D = Spawn monster count
 E = Non-spawn monster count
 F = Spawn count percentage of total count
 G = Total turns spent on level
                    A         B        C        D         E        F      G
               +---------+---------+-------+---------+---------+-------+---------
         Total |       0 |    1815 |   0.0 |       0 |      17 |   0.0 |  1044
               +---------+---------+-------+---------+---------+-------+---------
             D |       0 |    1815 |   0.0 |       0 |      17 |   0.0 |  1044
               +---------+---------+-------+---------+---------+-------+---------
